 Dungeon Crawl Stone Soup version 0.18.1-5-g4a78601 (webtiles) character file.

108 hawthorn the Grave Robber (level 4, -3/36 HPs)
             Began as a Naga Necromancer on May 13, 2016.
             Slain by a goblin
             ... wielding a +0 dagger
             ... led by Robin
              (4 damage)
             ... on level 3 of the Dungeon.
             The game lasted 00:12:49 (2381 turns).

hawthorn the Grave Robber (Naga Necromancer)        Turns: 2381, Time: 00:12:50

Health: -3/36      AC:  2    Str: 11    XL:     4   Next: 87%
Magic:  3/8        EV: 10    Int: 16    God:
Gold:   107        SH:  0    Dex: 11    Spells: 2 memorised, 4 levels left

rFire  . . .     SeeInvis +     j - -3 dagger (curse)
rCold  . . .     Gourm    +     a - +0 robe
rNeg   . . .     Faith    .     (no shield)
rPois  +         Spirit   .     (no helmet)
rElec  .         Dismiss  .     (no cloak)
rCorr  .         Reflect  .     (no gloves)
SustAt .         Harm     .     (no barding)
MR     .....                    i - amulet of the gourmand
Stlth  +++.......               (no ring)
                                (no ring)

@: very slightly contaminated, hasted, quick, not resistant to hostile
enchantments, fairly stealthy
A: see invisible, deformed body, poison resistance, slowness 2, slow metabolism
1, spit poison 2, AC +1
a: Spit Poison


You were on level 3 of the Dungeon.
You were not hungry.

You visited 1 branch of the dungeon, and saw 3 of its levels.

You collected 107 gold pieces.

Inventory:

Hand Weapons
 h - a +0 dagger
 j - a cursed -3 dagger (weapon)
Missiles
 e - 22 poisoned needles
 g - 45 arrows
Armour
 a - a +0 robe (worn)
Jewellery
 i - an amulet of the gourmand (around neck)
Potions
 d - 2 potions of haste
Books
 b - a book of Necromancy

   Spells                             Type                      Level
   a - Pain                           Necromancy                   1
   b - Animate Skeleton               Necromancy                   1
   c - Vampiric Draining              Necromancy                   3
   d - Regeneration                   Charms/Necromancy            3
   e - Animate Dead                   Necromancy                   4
   f - Control Undead                 Necromancy                   4
 f - a book of Battle

   Spells                             Type                      Level
   a - Infusion                       Charms                       1
   b - Shroud of Golubria             Charms/Translocation         2
   c - Song of Slaying                Charms                       2
   d - Spectral Weapon                Hexes/Charms                 3
   e - Regeneration                   Charms/Necromancy            3
Comestibles
 c - 2 bread rations


   Skills:
 + Level 0.2 Fighting
 + Level 1.5 Dodging
 + Level 3.9 Stealth
 + Level 2.9 Spellcasting
 + Level 5.2 Necromancy


You had 4 spell levels left.
You knew the following spells:

 Your Spells              Type           Power        Failure   Level  Hunger
a - Pain                  Necr           ###.         2%          1    #......
b - Vampiric Draining     Necr           ###.......   10%         3    ###....


Dungeon Overview and Level Annotations

Branches:
Dungeon (3/15)

Altars:
Fedhas
Nemelex Xobeh

Annotations:
D:3 Robin


Innate Abilities, Weirdness & Mutations

You cannot wear boots.
Your serpentine skin is tough (AC +1).
You have supernaturally acute eyesight.
Armour fits poorly on your strangely shaped body.
Your system is resistant to poisons.
You cover ground very slowly.
You have a slow metabolism.
You can spit poison.


Message History

The goblins go into a battle-frenzy!
You hit the goblin but do no damage.
The goblin is heavily wounded.
The goblin hits you but does no damage.
You barely miss the goblin.
The goblin is heavily wounded.
The goblin hits you with a club.
* * * LOW HITPOINT WARNING * * *
You barely miss the goblin.
The goblin is heavily wounded.
The hobgoblin no longer looks unusually strong.
The goblin hits you with a dagger.
* * * LOW HITPOINT WARNING * * *
The goblin hits you with a club.
* * * LOW HITPOINT WARNING * * *
Unknown command.
You hit the goblin but do no damage.
The goblin is heavily wounded.
The goblin hits you with a dagger.
You die...

#####
###############
#...######(#
#.........(...#
#.#.........
#.###########.#
#.......g.gg #.#
##.######.g######gg
#.# #..........#
#<# ###..#####gg.#
#.# ......g@gggg.#
#.# ####..#####g..#
#.# #..# ##### #.#
#..# #.# #..# #.#
... ...


You could see Robin, 2 hobgoblins and 5 goblins.

Vanquished Creatures
  4 adders (D:2)
  2 oozes
  3 worms
  3 giant geckos
  An orc (D:2)
  8 bats
  3 giant cockroaches (D:2)
  8 goblins
  8 hobgoblins
  2 quokkas (D:2)
  2 giant newts (D:1)
  A kobold (D:2)
  7 rats
52 creatures vanquished.

Notes
Turn   | Place    | Note
--------------------------------------------------------------
     0 | D:1      | hawthorn the Naga Necromancer began the quest for the Orb.
     0 | D:1      | Reached XP level 1. HP: 15/15 MP: 3/3
    52 | D:1      | Found a blossoming altar of Fedhas.
    52 | D:1      | Found a sparkling altar of Nemelex Xobeh.
    52 | D:1      | Noticed a troll
   149 | D:1      | Reached XP level 2. HP: 22/22 MP: 5/5
   874 | D:1      | Reached XP level 3. HP: 20/28 MP: 1/6
  1117 | D:2      | Learned a level 3 spell: Vampiric Draining
  1302 | D:2      | Reached XP level 4. HP: 36/36 MP: 5/7
  1357 | D:2      | Reached skill level 5 in Necromancy
  2358 | D:3      | Noticed Robin
  2380 | D:3      | HP: 1/36 [goblin/club[Robin] (1)]
  2381 | D:3      | Slain by a goblin

Skill      XL: |  1  2  3  4 |
---------------+-------------+-----
Necromancy     | 5 |  5.2
Fighting       | |  0.2
Dodging        | |  1.5
Stealth        | |  3.9
Spellcasting   | |  2.9

Action                   |  1- 3 |  4- 6 || total
-------------------------+-------+-------++-------
Melee: Unarmed           |     5 |       ||     5
       Dagger            |     5 |    42 ||    47
 Cast: Pain              |    40 |    28 ||    68
       Vampiric Draining |       |     1 ||     1
 Abil: Spit Poison       |     7 |     6 ||    13
  Use: Scroll            |     2 |     1 ||     3
       Potion            |       |     2 ||     2
 Stab: Sleeping          |     3 |     2 ||     5
       Distracted        |     1 |       ||     1
  Eat: Chunk             |     1 |     4 ||     5
Armor: Robe              |     3 |     8 ||    11
Dodge: Dodged            |     6 |    27 ||    33
